 Dungeon Crawl Stone Soup version 0.28.0-53-g5a82cb258f (webtiles) character file.

Game seed: 8324972100501484545

6535 LynnLen the Covert (level 10, -4/60 HPs)
             Began as a Vampire Enchanter on Aug 20, 2022.
             Was a Follower of Kikubaaqudgha.
             Slain by a skeletal warrior (12 damage)
             ... on level 8 of the Dungeon.
             The game lasted 00:40:31 (10790 turns).

LynnLen the Covert (Vampire Enchanter)             Turns: 10790, Time: 00:40:31

Health: -4/60      AC: 14    Str: 14    XL:     10   Next: 69%
Magic:  16/19      EV: 18    Int: 19    God:    Kikubaaqudgha [*.....]
Gold:   134        SH:  0    Dex: 24    Spells: 12/21 levels left

rFire   . . .      SeeInvis +   m - +4 dagger "Oratidemi" {spect, Fragile Fly Str+7}
rCold   + + .      Faith    .   C - orb {guile}
rNeg    + + +      Spirit   .   I - +3 leather armour
rPois   ∞          Reflect  .   Q - +0 helmet
rElec   .          Harm     .   f - +2 cloak
rCorr   .          Rampage  .   r - +2 pair of gloves
Will    .....                   (no boots)
Stlth   +++++++...              (no amulet)
HPRegen 0.00/turn               l - +6 ring of dexterity
MPRegen 0.16/turn               y - ring of wizardry

@: flying, bloodless, inhibited regen
A: bloodless, fangs 3, see invisible, vampiric 2
a: Bat Form, Revivify, Renounce Religion, Receive Corpses


You were on level 8 of the Dungeon.
You worshipped Kikubaaqudgha.
Kikubaaqudgha was aware of your devotion.
You visited 2 branches of the dungeon, and saw 9 of its levels.
You also visited: Ossuary and Bailey.

You collected 309 gold pieces.
You spent 175 gold pieces at shops.

Inventory:

Hand Weapons
 a - a +3 dagger
 m - the +4 dagger "Oratidemi" (weapon) {spect, Fragile Fly Str+7}
   (You bought it in a shop on level 1 of the Dungeon)

   When its wielder attacks, the weapon's spirit leaps out and strikes again.
   The spirit shares a part of any damage it takes with its wielder.
   Str:       It affects your strength (+7).
   Fly:       It grants you flight.
   Fragile:   It will be destroyed if unequipped.
 s - a +0 hunting sling
Missiles
 d - 16 poisoned darts
 g - 47 sling bullets
 p - 232 stones
 q - 4 throwing nets
Armour
 f - a +2 cloak (worn)
 r - a +2 pair of gloves (worn)
 t - a +0 buckler
 C - an orb of guile (worn)
 F - a +0 robe of resistance
 I - a +3 leather armour (worn)
 Q - a +0 helmet (worn)
Jewellery
 l - a +6 ring of dexterity (left hand)
 y - a ring of wizardry (right hand)
 K - a ring of protection from fire
 L - a ring of magical power
 M - a ring of fire
Wands
 u - a wand of polymorph (12)
 E - a wand of flame (54)
 J - a wand of digging (10)
Scrolls
 e - 5 scrolls of amnesia
 h - 2 scrolls of magic mapping
 j - 2 scrolls of holy word
 o - 4 scrolls of immolation
 w - 4 scrolls of fog
 D - 2 scrolls of teleportation
 O - a scroll of brand weapon {unknown}
 P - a scroll of enchant weapon
Potions
 b - a potion of mutation {unknown}
 c - a potion of flight {unknown}
 i - 2 potions of heal wounds
 k - 2 potions of curing
 n - 2 potions of attraction
 v - 3 potions of invisibility
 x - 2 potions of berserk rage
 z - a potion of resistance
 A - 2 potions of haste
 B - a potion of magic {unknown}
 G - a potion of might
 H - a potion of brilliance {unknown}
 N - 3 potions of cancellation {unknown}


   Skills:
 + Level 6.0 Fighting
 + Level 7.3 Short Blades
 + Level 5.5 Armour
 + Level 7.6 Dodging
 + Level 11.2 Stealth
 + Level 6.3 Spellcasting
 - Level 4.4 Hexes


You had 12 spell levels left.
You knew the following spells:

 Your Spells              Type           Power      Damage    Failure   Level
a - Ensorcelled Hibernat  Hex/Ice        28%        N/A       3%          2
b - Confusing Touch       Hex            22%        N/A       2%          3
c - Tukima's Dance        Hex            22%        N/A       2%          3
d - Pain                  Necr           24%        1d5       6%          1

Your spell library contained the following spells:

 Spells                   Type           Power      Damage    Failure   Level
 Animate Skeleton         Necr           12%        N/A       6%          1
 Foxfire                  Conj/Fire      24%        2x1d5     6%          1
 Magic Dart               Conj           24%        1d4       6%          1
 Shock                    Conj/Air       24%        1d4       6%          1
 Dazzling Flash           Conj/Hex       28%        N/A       6%          3
 Inner Flame              Hex/Fire       14%        N/A       6%          3
 Corpse Rot               Necr/Air       12%        N/A       9%          2
 Searing Ray              Conj           12%        2d4       9%          2
 Sublimation of Blood     Necr           6%         N/A       9%          2
 Conjure Flame            Conj/Fire      6%         6-21      16%         3
 Swiftness                Air            6%         N/A       16%         3
 Fulminant Prism          Conj/Hex       7%         3d7       21%         4
 Airstrike                Air            3%         N/A       45%         4
 Flame Wave               Conj/Fire      6%         2d5       45%         4
 Passage of Golubria      Tloc           6%         N/A       45%         4
 Yara's Violent Unravell  Hex/Tmut       7%         3d5       50%         5


Dungeon Overview and Level Annotations

Branches:
Dungeon (8/15)             Temple (1/1) D:5         Ossuary (visited)
 Bailey (visited)
   Lair: D:8-11

Altars:
Ashenzari
Cheibriados
Elyvilon
Fedhas
Hepliaklqana
Kikubaaqudgha
Xom
Zin

Shops:
D:1 (=:[*


Innate Abilities, Weirdness & Mutations

You do not regenerate when monsters are visible.
You are frail without blood (-20% HP).
You can heal yourself when you bite living creatures.
You are immune to poison.
You have razor-sharp teeth.
You have supernaturally acute eyesight. (SInv)
You are afflicted with vampirism and can become a bat while bloodless.


Message History

You hit the skeletal warrior but do no damage.
The skeletal warrior is moderately damaged.
You hit the skeletal warrior but do no damage.
The skeletal warrior is moderately damaged.
The skeletal warrior completely misses you.
You hit the skeletal warrior but do no damage.
The skeletal warrior is moderately damaged.
The skeletal warrior hits you!!
You closely miss the skeletal warrior.
The skeletal warrior is moderately damaged.
You barely miss the skeletal warrior.
The skeletal warrior is moderately damaged.
The skeletal warrior hits you but does no damage.
You barely miss the skeletal warrior.
The skeletal warrior is moderately damaged.
You barely miss the skeletal warrior.
You bite the skeletal warrior, but do no damage.
The skeletal warrior is moderately damaged.
The skeletal warrior hits you.
You hit the skeletal warrior but do no damage.
Your bite misses the skeletal warrior.
The skeletal warrior is moderately damaged.
The skeletal warrior hits you!
* * * LOW HITPOINT WARNING * * *
You hit the skeletal warrior but do no damage.
The skeletal warrior is moderately damaged.
You hit the skeletal warrior but do no damage.
The skeletal warrior is moderately damaged.
The skeletal warrior hits you but does no damage.
You completely miss the skeletal warrior.
The skeletal warrior is lightly damaged.
The skeletal warrior hits you.
* * * LOW HITPOINT WARNING * * *
You hit the skeletal warrior but do no damage.
The skeletal warrior is lightly damaged.
You hit the skeletal warrior but do no damage.
The skeletal warrior is lightly damaged.
The skeletal warrior hits you!
You die...
Kikubaaqudgha rasps: "You have failed me!
Welcome... oblivion!"

##........
#.........
#.........
#.......
#.....#
##.....#
#......#
######......#
#.@zW)..#.###
##.###.#.#.#
#<.# #.....#
#..#####...####
#......).......
##.####...#....
#.# #........
#.# #.###.###
#.####.# .##.#


You could see a skeletal warrior and a wraith.

Vanquished Creatures
  A two-headed ogre (Bailey)
  The ghost of Tirrikindir the Slasher, a novice OpFi of Ashenzari (D:6)
  A slime creature (D:8)
  6 spriggans (Bailey)
  Sigmund (D:6)
  3 wraiths (D:8)
  Menkaure (D:6)
  A water moccasin (D:7)
  An acid dragon (Bailey)
  Duvessa (D:5)
  2 black bears
  A necrophage (D:3)
  6 ogres
  3 centaurs
  A gnoll sergeant (D:5)
  A kobold brigand (D:7)
  13 scorpions
  A water moccasin zombie (D:5)
  Dowan (D:5)
  2 wights (D:5)
  3 howler monkeys (D:7)
  A spectral centaur (D:6)
  4 centaur zombies
  2 orc priests
  8 hounds
  2 gnoll shamans
  3 jellies (D:5)
  A centaur skeleton (D:5)
  Ijyb (D:4)
  2 iguanas
  4 scorpion zombies (Ossuary)
  2 orc wizards (D:8)
  A killer bee zombie (D:7)
  A centaur simulacrum (D:6)
  3 mummies (Ossuary)
  A howler monkey zombie (D:6)
  2 howler monkey skeletons
  5 adders
  13 gnolls
  3 ufetubi
  2 worms
  14 orcs
  4 bats
  5 endoplasms
  4 giant cockroaches
  5 goblins
  3 hobgoblins (D:1)
  4 jackals (D:1)
  4 quokkas
  3 ball pythons
  6 frilled lizards
  A gnoll zombie (Ossuary)
  A goblin zombie (Ossuary)
  2 hobgoblin zombies (Ossuary)
  16 kobolds
  3 kobold zombies (Ossuary)
  4 orc zombies (Ossuary)
  A rat (D:2)
192 creatures vanquished.

Vanquished Creatures (collateral kills)
  A wight (D:6)
1 creature vanquished.

Vanquished Creatures (others)
  4 dancing weapons
4 creatures vanquished.

Grand Total: 197 creatures vanquished

Notes
Turn   | Place    | Note
-------+----------+-------------------------------------------
     0 | D:1      | LynnLen the Vampire Enchanter began the quest for the Orb.
     0 | D:1      | Reached XP level 1. HP: 13/13 MP: 3/3
   255 | D:1      | Found Xoceumn's Assorted Antiques.
   364 | D:1      | Reached XP level 2. HP: 15/15 MP: 5/5
   367 | D:1      | Learned a level 2 spell: Ensorcelled Hibernation
   434 | D:1      | Found Nihitud's Antique Armour Shoppe.
   565 | D:1      | Found Cowoebi's Jewellery Shop.
   652 | D:1      | Found Zuinla's Weapon Shop.
   664 | D:1      | Found Gubrienom's Book Shop.
  1319 | D:2      | Gained mutation: You are afflicted with vampirism and can
                  | become a bat while bloodless. [Vampire growth]
  1319 | D:2      | Reached XP level 3. HP: 20/20 MP: 6/6
  1331 | D:2      | Learned a level 3 spell: Confusing Touch
  1446 | D:2      | Reached skill level 1 in Fighting
  1643 | D:2      | Found a shimmering altar of Xom.
  1655 | D:2      | Reached skill level 5 in Stealth
  2015 | D:2      | Reached XP level 4. HP: 15/25 MP: 2/7
  2286 | D:3      | Noticed a necrophage
  2291 | D:3      | Killed a necrophage
  2292 | D:3      | Reached skill level 1 in Armour
  2292 | D:3      | Reached XP level 5. HP: 29/29 MP: 7/9
  2398 | D:3      | Found a faded altar of an unknown god.
  2898 | D:3      | Reached XP level 6. HP: 35/35 MP: 7/10
  2936 | D:4      | Noticed Ijyb
  2943 | D:4      | Killed Ijyb
  2944 | D:4      | Reached skill level 6 in Stealth
  3144 | D:4      | Found a sand-covered staircase.
  3149 | Ossuary  | Entered an ossuary
  3253 | Ossuary  | Reached XP level 7. HP: 40/40 MP: 11/11
  3398 | Ossuary  | Reached skill level 7 in Stealth
  3537 | Ossuary  | Reached XP level 8. HP: 46/46 MP: 10/13
  4060 | D:5      | Entered Level 5 of the Dungeon
  4060 | D:5      | Noticed Dowan
  4061 | D:5      | Noticed Duvessa
  4188 | D:5      | Killed Duvessa
  4193 | D:5      | Killed Dowan
  4276 | D:5      | Reached skill level 5 in Dodging
  4276 | D:5      | Reached skill level 8 in Stealth
  4533 | D:5      | Learned a level 3 spell: Tukima's Dance
  5008 | D:5      | Found a staircase to the Ecumenical Temple.
  5244 | D:5      | Reached skill level 5 in Short Blades
  5422 | Temple   | Entered the Ecumenical Temple
  5756 | D:5      | Reached XP level 9. HP: 52/52 MP: 7/15
  6064 | Temple   | Became a worshipper of Kikubaaqudgha
  6461 | D:6      | Found a runed translucent gate.
  6461 | D:6      | Found a runed translucent gate.
  6463 | D:6      | Found a runed translucent gate.
  6464 | D:6      | Noticed Tirrikindir's ghost (novice OpFi)
  6673 | D:6      | Noticed Menkaure
  6679 | D:6      | Killed Menkaure
  6680 | D:6      | Reached skill level 9 in Stealth
  7387 | D:6      | Noticed Sigmund
  7399 | D:6      | Killed Sigmund
  7400 | D:6      | Reached skill level 5 in Spellcasting
  7669 | D:6      | Killed Tirrikindir's ghost
  7988 | D:7      | Reached skill level 5 in Fighting
  8131 | D:1      | Bought a smoking dagger for 175 gold pieces
  8131 | D:1      | Identified the +4 dagger "Oratidemi" {spect, Fragile Fly
                  | Str+7} (You bought it in a shop on level 1 of the Dungeon)
  8223 | D:3      | Reached * piety under Kikubaaqudgha
  8223 | D:3      | Received a gift from Kikubaaqudgha
  8226 | D:3      | Learned a level 1 spell: Pain
  8951 | D:7      | Reached skill level 10 in Stealth
  9362 | D:8      | Found a flagged portal.
  9371 | Bailey   | Entered a bailey
  9418 | Bailey   | Reached XP level 10. HP: 59/59 MP: 12/18
  9698 | Bailey   | Reached skill level 5 in Armour
  9741 | Bailey   | Noticed a two-headed ogre
 10030 | Bailey   | Killed a two-headed ogre
 10080 | D:8      | Reached skill level 11 in Stealth
 10151 | D:8      | Found the +5 scythe "Finisher" {speed, eviscerate}
 10185 | D:8      | Noticed a skeletal warrior
 10258 | D:8      | Noticed a two-headed ogre
 10790 | D:8      | Slain by a skeletal warrior

Illustrated notes

Levels and vault maps discovered:
D:1:      minmay_arrival_loop, layout_loops_ring, serial_shops,
          nicolae_shop_hallway_stairs, shop, shop,
          nicolae_shop_bloodbath_and_beyond, nicolae_shop_behind_doors,
          hangedman_decor_points
D:2:      wander_river, layout_rooms, basic_altar
D:3:      layout_rooms, shapermc_ecumenical_altar_starsandcircs,
          skrybe_limestone_x, cheibrodos_gnoll_hut
D:4:      layout_basic, nicolae_ossuary_entry_plus, uniq_ijyb
D:5:      layout_cave_pools, minmay_temple_entry_crystal_x, uniq_duvessa
D:6:      layout_layer_cave, gammafunk_ghost_necromancy,
          minmay_misc_feat_enclosed, uniq_menkaure, uniq_sigmund
D:7:      layout_loops_ring
D:8:      layout_basic, enter_bailey_2, minmay_guarded_unrand_finisher
Temple:   mainiacjoe_temple_trianglar_array

Skill      XL: |  1  2  3  4  5  6  7  8  9 10 |
---------------+-------------------------------+-----
Fighting       | 1 2 3 4 5 6 |  6.0
Stealth        | 5 6 7 8 10 11 | 11.2
Short Blades   | 2 3 4 5 6 7 |  7.3
Armour         | 1 2 3 4 5 |  5.5
Dodging        | 3 4 5 6 7 |  7.6
Spellcasting   | 3 4 5 6 |  6.3
Hexes          | |  4.4

Action                   |  1- 3 |  4- 6 |  7- 9 | 10-12 || total
-------------------------+-------+-------+-------+-------++-------
Melee: Dagger            |   125 |    72 |   299 |   137 ||   633
       Bite              |    15 |     8 |    38 |    16 ||    77
       Punch             |       |     1 |       |       ||     1
Throw: Stone             |       |       |     1 |       ||     1
 Cast: Ensorcelled Hiber |     9 |     6 |    54 |     7 ||    76
       Confusing Touch   |       |       |     6 |     1 ||     7
       Tukima's Dance    |       |       |     7 |     5 ||    12
 Abil: Exsanguinate      |     1 |       |       |       ||     1
  Use: Scroll            |     2 |     5 |    13 |     2 ||    22
       Potion            |       |     1 |     2 |     1 ||     4
 Stab: Sleeping          |    19 |    19 |    60 |     6 ||   104
       Invisible         |       |     1 |       |       ||     1
       Confused          |       |       |     6 |     1 ||     7
       Distracted        |       |       |       |     3 ||     3
Armor: Robe              |    32 |    12 |    79 |       ||   123
       Leather armour    |       |       |       |    38 ||    38
Dodge: Dodged            |    85 |    53 |   215 |    79 ||   432
Block: Buckler           |       |     6 |    45 |       ||    51
